 Dungeon Crawl Stone Soup version 0.26.0-57-g60708a5e39 (webtiles) character file.

Game seed: 15377568446542940648

16331 PentaManta the Grappler (level 12, -9/106 HPs)
             Began as a Ghoul Abyssal Knight on Feb 1, 2021.
             Was a High Priest of Lugonu.
             Mangled by a red ugly thing (20 damage)
             ... on level 12 of the Dungeon.
             The game lasted 00:47:43 (15132 turns).

PentaManta the Grappler (Ghoul Abyssal Knight)     Turns: 15132, Time: 00:47:44

Health: -9/106     AC: 14    Str: 21    XL:     12   Next: 36%
Magic:  17/17      EV: 12    Int:  7    God:    Lugonu [*****.]
Gold:   369        SH:  0    Dex:  8    Spells: 11/11 levels left

rFire    . . .     SeeInvis .     - Unarmed
rCold    + + .     Faith    .   (no shield)
rNeg     + + +     Spirit   .   O - +2 scale mail {rC+}
rPois    ∞         Reflect  .   (no helmet)
rElec    .         Harm     .   (no cloak)
rCorr    .         Rampage  .   (no gloves)
Will     .....                  (no boots)
Stlth    +.........             r - amulet of regeneration
HPRegen  0.00/turn              a - +4 ring of protection
MPRegen  0.15/turn              h - ring of stealth

@: no status effects
A: claws 1, cold resistance 1, negative energy resistance 3, inhibited
regeneration, torment resistance, unbreathing
a: Renounce Religion, Depart the Abyss, Bend Space, Banish, Corrupt, Enter the
Abyss


You were on level 12 of the Dungeon.
You worshipped Lugonu.
Lugonu was extremely pleased with you.
You visited 2 branches of the dungeon, and saw 14 of its levels.
You visited the Abyss 1 time.
You also visited: Bailey.

You collected 935 gold pieces.
You spent 566 gold pieces at shops.

Inventory:

Hand Weapons
 e - a +1 dagger of distortion
 l - the +6 rapier of Vusonos {vorpal, rF+ Str+3}
   (You found it on level 10 of the Dungeon)

   It inflicts extra damage upon your enemies.
   It affects your strength (+3).
   It protects you from fire.
 K - the +8 demon trident "Rift" {distort, reach+}
   (You found it on level 9 of the Dungeon)

   It warps and distorts space around it.
   Unwielding it can cause banishment or high damage.
 T - a +3 dagger of venom
Missiles
 k - 97 poisoned darts
 m - 7 throwing nets
 p - 8 atropa-tipped darts
 M - 12 curare-tipped darts
Armour
 d - a +0 pair of gloves
 f - a scarf of resistance
 w - a +0 crystal plate armour
 C - +0 steam dragon scales
 J - a +0 kite shield
 L - a +1 plate armour of positive energy
 O - a +2 scale mail of cold resistance (worn)
Jewellery
 a - a +4 ring of protection (left claw)
 h - a ring of stealth (right claw)
 n - an uncursed ring of resist corrosion
 r - an amulet of regeneration (around neck)
Wands
 j - a wand of flame (12) (quivered)
 x - a wand of iceblast (5)
 F - a wand of random effects (34)
 Q - a wand of acid (9)
 S - a wand of digging (4)
Scrolls
 b - 3 scrolls of fear
 c - 10 scrolls of remove curse
 g - 10 scrolls of teleportation
 i - 3 scrolls of blinking
 s - 3 scrolls of fog
 y - a scroll of enchant weapon
 G - a scroll of enchant armour
 P - a scroll of magic mapping
Potions
 o - 7 potions of might
 q - 3 potions of attraction
 t - 2 potions of invisibility
 u - a potion of ambrosia
 v - a potion of resistance
 z - 4 potions of lignification
 A - 3 potions of brilliance
 B - a potion of heal wounds
 D - a potion of magic {unknown}
 E - 2 potions of flight {unknown}
 I - 2 potions of cancellation
 N - 2 potions of curing
Miscellaneous
 R - a condenser vane


   Skills:
 + Level 10.1 Fighting
 - Level 8.0 Armour
 - Level 7.1 Dodging
 - Level 3.0 Shields
 * Level 12.3 Unarmed Combat
 - Level 8.1 Invocations


You had 11 spell levels left.
You didn't know any spells.
Your spell library was empty.

Dungeon Overview and Level Annotations

Branches:
Dungeon (13/15)            Temple (1/1) D:5            Lair (0/6) D:8
    Orc (0/2) D:12         Bailey (visited)
 Vaults: D:13-14

Altars:
Ashenzari
Cheibriados
Dithmenos
Elyvilon
Fedhas
Gozag
Hepliaklqana
Kikubaaqudgha
Makhleb
Nemelex Xobeh
Okawaru
Qazlal
Ru
Sif Muna
Trog
Uskayaw
Vehumet
Wu Jian
Xom
Yredelemnul
Zin
The Shining One

Shops:
D:4 (**[   D:5 [   D:10 *   D:11 (

Annotations:
D:12 1 runed translucent door
D:13 1 transporter


Innate Abilities, Weirdness & Mutations

You thrive by killing the living.
You are immune to poison.
You have sharp fingernails.
Your flesh is cold resistant. (rC+)
You are immune to negative energy. (rN+++)
You do not regenerate when monsters are visible.
You are immune to unholy pain and torment.
You can survive without breathing.


Message History

The red ugly thing trunk-slaps you but does no damage.
You closely miss the red ugly thing.
The red ugly thing is moderately wounded.
The red ugly thing trunk-slaps you but does no damage.
You barely miss the red ugly thing.
The red ugly thing is moderately wounded.
The red ugly thing trunk-slaps you!
You are engulfed in flames!!
You barely miss the red ugly thing. Your claw misses the red ugly thing.
The red ugly thing is moderately wounded.
You claw the red ugly thing!
The red ugly thing is severely wounded.
The red ugly thing trunk-slaps you!
You are engulfed in flames!!
* * * LOW HITPOINT WARNING * * *
Okay, then.
Press: ? - help, Shift-Dir - straight line, f - red ugly thing
Aim: a red ugly thing (heavily wounded, chance to affect: 73%)
You fail to use your ability.
The red ugly thing trunk-slaps you.
* * * LOW HITPOINT WARNING * * *
You are engulfed in flames!!
You die...

########### #......[..#
#.........#
#.........######
#..............#
####..............###
#..u@................
#######..####'###..........
#......†.#......#........##
#........#......#......###
#........#......#....###
#...8..u.#####'##†.###
#..............)...#
#..................#
#..=.#####......)..#


You could see a red ugly thing.

Vanquished Creatures
  Snorg (D:11)
  A centaur warrior (D:11)
  Harold (D:9)
  A two-headed ogre (D:10)
  Sonja (D:10)
  Pikel (D:5)
  A harpy (shapeshifter) (D:9)
  A cyclops (D:12)
  2 manticores
  A gargoyle (D:11)
  Maggie (D:6)
  2 centaur skeletons
  A troll (D:10)
  3 yaks (D:11)
  Eustachio (D:5)
  A steam dragon (D:8)
  A vampire mosquito (D:9)
  Edmund (D:6)
  A water moccasin (D:9)
  8 orc warriors
  4 black bears
  2 ice beasts
  2 phantoms
  4 sky beasts
  2 necrophages
  6 ogres
  2 centaurs
  3 big kobolds
  8 bullfrogs
  A wyvern zombie (D:10)
  6 gnoll sergeants
  A water moccasin zombie (D:8)
  A scorpion (D:9)
  A water moccasin skeleton (D:8)
  11 wights
  11 killer bees
  3 vampire bats (D:5)
  An electric eel (D:8)
  2 howler monkeys
  5 jellies
  2 quasits
  7 hounds
  5 orc priests
  14 orc wizards
  2 bullfrog skeletons
  2 gnoll shamans (Bailey)
  5 iguanas
  6 worker ants
  A hound skeleton (D:8)
  2 worker ant zombies (D:9)
  27 gnolls
  12 adders
  2 shadow imps (D:9)
  7 white imps
  4 ufetubi
  3 adder skeletons
  4 worms
  3 dart slugs
  6 leopard geckos
  30 orcs
  4 bat skeletons (D:5)
  2 bat zombies (D:5)
  5 giant cockroaches
  3 hobgoblins
  2 jackals (D:2)
  20 kobolds
  4 quokkas
  A ball python (D:2)
  9 bats
  5 frilled lizards
  17 goblins
  A quokka skeleton (D:8)
  A quokka zombie (D:7)
  3 rats
328 creatures vanquished.

Vanquished Creatures (others)
  16 plants (D:9)
  2 withered plants (D:12)
18 creatures vanquished.

Grand Total: 346 creatures vanquished

Notes
Turn   | Place    | Note
-------+----------+-------------------------------------------
     0 | Abyss:1  | PentaManta the Ghoul Abyssal Knight began the quest for the
                  | Orb.
     0 | Abyss:1  | Reached XP level 1. HP: 19/19 MP: 1/1
   108 | D:1      | Escaped the Abyss
   337 | D:1      | Reached skill level 1 in Dodging
   409 | D:1      | Reached XP level 2. HP: 21/26 MP: 2/2
   556 | D:1      | Reached * piety under Lugonu
  1494 | D:2      | Reached skill level 3 in Unarmed Combat
  1494 | D:2      | Reached XP level 3. HP: 31/31 MP: 3/3
  1974 | D:2      | Reached XP level 4. HP: 38/38 MP: 4/4
  2407 | D:3      | Found an opulent altar of Gozag.
  2450 | D:3      | Found a bloodstained altar of Trog.
  2455 | D:3      | Reached skill level 4 in Unarmed Combat
  2606 | D:3      | Reached ** piety under Lugonu
  3105 | D:4      | Found Ciciggon's Weapon Shoppe.
  3175 | D:4      | Found Veliraz's Assorted Antiques.
  3183 | D:4      | Bought an amethyst potion for 21 gold pieces
  3183 | D:4      | Bought a scroll labelled SEKHLUH NETIYJUSKIA for 24 gold
                  | pieces
  3183 | D:4      | Bought 2 puce potions for 43 gold pieces
  3183 | D:4      | Bought an emerald potion for 21 gold pieces
  3186 | D:4      | Noticed an ogre
  3189 | D:4      | Reached XP level 5. HP: 45/45 MP: 5/5
  3226 | D:4      | Killed an ogre
  3227 | D:4      | Reached skill level 5 in Unarmed Combat
  3553 | D:4      | Found Zuwic's General Store.
  3662 | D:4      | Found Terhue's Armour Emporium.
  3674 | D:4      | Reached XP level 6. HP: 43/51 MP: 6/6
  3847 | D:4      | Bought a potion of curing for 39 gold pieces
  4089 | D:5      | Entered Level 5 of the Dungeon
  4302 | D:6      | Reached skill level 6 in Unarmed Combat
  4668 | D:5      | Reached XP level 7. HP: 39/57 MP: 7/7
  4675 | D:5      | Reached skill level 7 in Unarmed Combat
  4689 | D:5      | Found Vidoemn's Armour Shoppe.
  4771 | D:5      | Noticed Pikel
  4814 | D:5      | Killed Pikel
  4815 | D:5      | Reached skill level 9 in Unarmed Combat
  4815 | D:5      | Reached XP level 8. HP: 22/63 MP: 8/8
  4973 | D:5      | Noticed Eustachio
  4994 | D:5      | Killed Eustachio
  5153 | D:5      | Found a staircase to the Ecumenical Temple.
  5171 | D:5      | Reached skill level 10 in Unarmed Combat
  5173 | Temple   | Entered the Ecumenical Temple
  5318 | D:5      | Found a glowing silver altar of Zin.
  5556 | D:5      | Found an ancient bone altar of Kikubaaqudgha.
  5569 | D:5      | Reached *** piety under Lugonu
  5653 | D:6      | Noticed Maggie
  5667 | D:6      | Paralysed by Maggie for 3 turns
  5671 | D:6      | Killed Maggie
  5672 | D:6      | Reached skill level 5 in Invocations
  5728 | D:6      | Reached XP level 9. HP: 67/72 MP: 11/11
  5767 | D:6      | Reached skill level 5 in Fighting
  6000 | D:6      | Noticed Edmund
  6022 | D:6      | Killed Edmund
  6266 | D:6      | Found a snail-covered altar of Cheibriados.
  6635 | D:4      | Bought a scroll of teleportation for 39 gold pieces
  6635 | D:4      | Bought a potion of invisibility for 104 gold pieces
  6831 | D:7      | Found a sparkling altar of Nemelex Xobeh.
  6923 | D:7      | HP: 2/74 [orc warrior/+2 mace of protection (6)]
  7219 | D:7      | Found the +7 great mace "Undeadhunter" {disrupt, rN+}
  7219 | D:7      | Found a snail-covered altar of Cheibriados.
  7649 | D:8      | Found a staircase to the Lair.
  7884 | D:8      | Found an ornate altar of the Wu Jian Council.
  8138 | D:8      | Reached XP level 10. HP: 84/84 MP: 15/15
  8403 | D:8      | Found a sparkling altar of Nemelex Xobeh.
  9007 | D:4      | Bought a +0 kite shield for 58 gold pieces
  9242 | D:9      | Found a shadowy altar of Dithmenos.
  9265 | D:9      | Found the +8 demon trident "Rift" {distort, reach+}
  9282 | D:9      | Reached **** piety under Lugonu
  9576 | D:9      | Reached skill level 1 in Shields
  9608 | D:9      | Noticed a two-headed ogre
  9634 | D:9      | Banished a two-headed ogre
  9635 | D:9      | Reached skill level 5 in Armour
  9694 | D:9      | Noticed a harpy
  9707 | D:9      | Killed a harpy
 10114 | D:9      | Noticed Harold
 10141 | D:9      | Killed Harold
 10142 | D:9      | Reached skill level 5 in Dodging
 10142 | D:9      | Reached XP level 11. HP: 35/95 MP: 16/16
 10254 | D:9      | Found a sacrificial altar of Ru.
 10535 | D:4      | Bought a garnet ring for 120 gold pieces
 10636 | D:10     | Entered Level 10 of the Dungeon
 10645 | D:10     | Noticed Sonja
 10764 | D:10     | Killed Sonja
 10856 | D:10     | Found a flagged portal.
 10885 | Bailey   | Entered a bailey
 10893 | Bailey   | Reached ***** piety under Lugonu
 11039 | Bailey   | HP: 2/97 [gnoll sergeant/+0 halberd (11)]
 11752 | Bailey   | Got a faintly humming leather armour
 11806 | D:10     | Found Bafekk's Assorted Antiques.
 11828 | D:10     | Identified the +1 leather armour of the Untouchables {*Slow
                  | rElec Str+6 Dex+4 Slay+3} (You found it in a bailey)
 11976 | D:10     | Noticed a two-headed ogre
 11987 | D:10     | Killed a two-headed ogre
 12001 | D:10     | Got an ancient rapier
 12102 | D:10     | Noticed a manticore
 12114 | D:10     | Killed a manticore
 12688 | D:4      | Bought a scroll of enchant armour for 97 gold pieces
 12816 | D:11     | Noticed a boulder beetle
 12824 | D:10     | Banished a boulder beetle
 12924 | D:11     | You fall into a shaft and drop 2 floors!
 12929 | D:13     | Found a transporter.
 13064 | D:13     | Noticed a deep elf mage
 13064 | D:13     | Noticed a purple ugly thing
 13112 | D:12     | Noticed a five-headed hydra
 13389 | D:11     | Noticed Snorg
 13407 | D:11     | Found a bloodstained altar of Trog.
 13408 | D:11     | Noticed a centaur warrior
 13416 | D:11     | Found Saomajac's Antique Weapon Shop.
 13436 | D:11     | Killed a centaur warrior
 13437 | D:11     | Reached skill level 11 in Unarmed Combat
 13477 | D:11     | HP: 3/97 [adder (4)]
 13724 | D:11     | Reached XP level 12. HP: 103/105 MP: 17/17
 13840 | D:11     | HP: 3/105 [Snorg (10)]
 13844 | D:11     | Killed Snorg
 14432 | D:12     | Found a broken altar of Ashenzari.
 14578 | D:12     | Reached skill level 12 in Unarmed Combat
 14593 | D:12     | Identified the +6 rapier of Vusonos {vorpal, rF+ Str+3}
                  | (You found it on level 10 of the Dungeon)
 14663 | D:12     | Reached skill level 10 in Fighting
 14717 | D:12     | Found a staircase to the Orcish Mines.
 14801 | D:12     | Found a runed translucent door.
 14805 | D:12     | Noticed a centaur warrior
 15132 | D:12     | Mangled by a red ugly thing

Illustrated notes

Levels and vault maps discovered:
D:1:      ncdulo_watergridlock, layout_basic, minmay_misc_feat_five
D:2:      layout_loops_corners, minmay_between
D:3:      layout_loops_ring, old_standard_altar, lemuel_doored_altar
D:4:      layout_basic, serial_shops, kennysheep_little_box,
          nicolae_shop_overgrown_old_shop, nicolae_shop_waterfront,
          nicolae_shop_window_shopping
D:5:      layout_loops_ring, general_overflow_altar, kennysheep_vampire_church,
          minmay_temple_entry_trees, serial_shops, shop, uniq_eustachio,
          uniq_pikel
D:6:      layout_basic, kennysheep_slug_shrine, uniq_edmund, uniq_maggie
D:7:      layout_rooms, nicolae_overflow_crystal_walls, old_standard_altar
D:8:      layout_layer_cave, nzn_wu_jian_council_hall, lair_entry_dummy,
          kennysheep_small_spiral, nemelex_spade_bored_becter
D:9:      wad_statue_garden, layout_rooms, grunt_dithmenos_smoke,
          hangedman_ru_absence, minmay_radiant, uniq_harold
D:10:     minmay_skewed_foursquare, layout_small_grid, enter_bailey_5,
          serial_shops, shop_fountains, uniq_sonja
D:11:     layout_cave_pools, serial_shops, nicolae_shop_waterfront, bloody_trog,
          uniq_snorg
D:12:     minmay_the_grid_triangle_9x9_line_8_mashed
          [minmay_the_grid_triangle_9x9_minimal,
          minmay_the_grid_triangle_9x9_zippers_horizontal,
          minmay_the_grid_triangle_9x9_skeleton,
          minmay_the_grid_triangle_9x9_subtriangle,
          minmay_the_grid_triangle_9x9_dagger,
          minmay_the_grid_triangle_9x9_tough_junction,
          minmay_the_grid_triangle_9x9_from_above,
          minmay_the_grid_triangle_9x9_prize_insulated], layout_irregular_city,
          david_orc_4, serial_undead, serial_undead_b, serial_undead_e,
          serial_undead_f, serial_undead_d, nicolae_ashenzari_panopticon
D:13:     gammafunk_the_bubble [the_bubble_gammafunk_split], layout_stronghold
Temple:   dshaligram_water_room_temple

Skill      XL: |  1  2  3  4  5  6  7  8  9 10 11 12 |
---------------+-------------------------------------+-----
Dodging        | 1 2 5 7 |  7.1
Armour         | 2 3 5 7 8 |  8.0
Unarmed Combat | 3 4 5 6 9 10 11 12 | 12.3
Invocations    | 5 8 |  8.1
Fighting       | 4 6 8 9 10 | 10.1
Shields        | 2 3 |  3.0

Action                   |  1- 3 |  4- 6 |  7- 9 | 10-12 || total
-------------------------+-------+-------+-------+-------++-------
Melee: Unarmed           |    97 |   158 |   326 |   793 ||  1374
       Punch             |       |     3 |     7 |    32 ||    42
Throw: Dart              |       |    18 |     2 |     2 ||    22
Invok: Depart the Abyss  |     1 |       |       |       ||     1
       Bend Space        |       |     4 |     1 |    15 ||    20
       Banish            |       |       |     2 |    12 ||    14
Evoke: Wand              |       |       |       |     9 ||     9
  Use: Scroll            |       |    11 |       |    14 ||    25
       Potion            |       |       |     3 |     4 ||     7
Armor: Leather armour    |     7 |       |       |       ||     7
       Ring mail         |    32 |    61 |    99 |       ||   192
       Chain mail        |       |       |    99 |   121 ||   220
       Steam dragon scal |       |       |    19 |       ||    19
       Scale mail        |       |       |       |   298 ||   298
Dodge: Dodged            |    60 |    95 |   267 |   507 ||   929
